 Dungeon Crawl Stone Soup version 0.28.0-43-g3370ac3207 (webtiles) character file.

Game seed: 17165299641290402035

786 pkoi the Cleaver (level 7, -2/60 HPs)
             Began as a Minotaur Gladiator on Mar 3, 2022.
             Was an Initiate of Gozag.
             Slain by a centaur (4 damage)
             ... on level 5 of the Dungeon.
             The game lasted 00:04:08 (5163 turns).

pkoi the Cleaver (Minotaur Gladiator)               Turns: 5163, Time: 00:04:11

Health: -2/60      AC: 12    Str: 18    XL:     7   Next: 56%
Magic:  0/6        EV:  6    Int:  7    God:    Gozag
Gold:   465        SH:  0    Dex: 12    Spells: 6/6 levels left

rFire   + . .      SeeInvis .   a - +0 war axe
rCold   . . .      Faith    .   (no shield)
rNeg    . . .      Spirit   +   t - +0 plate armour
rPois   .          Reflect  .   c - +0 hat
rElec   .          Harm     .   j - +0 cloak
rCorr   .          Rampage  .   (no gloves)
Will    .....                   (no boots)
Stlth   ..........              g - amulet of guardian spirit
HPRegen 0.20/turn               e - ring of protection from fire
MPRegen 0.10/turn               (no ring)

@: studying Translocations
A: horns 2, retaliatory headbutt, MP-powered wands
a: Renounce Religion, Potion Petition, Call Merchant, Bribe Branch


You were on level 5 of the Dungeon.
You worshipped Gozag.
Gozag was aware of your devotion.
You visited 1 branch of the dungeon, and saw 5 of its levels.

You collected 510 gold pieces.
You paid 45 gold pieces to Gozag.

Inventory:

Hand Weapons
 a - a +0 war axe (weapon)
 r - a +1 war axe of venom
Missiles
 d - 3 throwing nets (quivered)
Armour
 b - a +0 leather armour
 c - a +0 hat (worn)
 j - a +0 cloak (worn)
 t - a +0 plate armour (worn)
Jewellery
 e - a ring of protection from fire (left hand)
 g - an amulet of guardian spirit (around neck)
Wands
 s - a wand of paralysis (7)
Scrolls
 i - a scroll of identify
 k - a scroll of enchant armour {unknown}
 m - a scroll of amnesia
 o - a scroll of silence {unknown}
 p - a scroll of enchant weapon {unknown}
 q - 4 scrolls of teleportation {unknown}
 u - a scroll of vulnerability {unknown}
Potions
 f - 2 potions of mutation
 h - a potion of curing
 l - a potion of lignification


   Skills:
 + Level 4.6 Fighting
 * Level 8.2 Axes
 - Level 2.0 Throwing
 + Level 3.6 Armour
 + Level 4.9 Dodging


You had 6 spell levels left.
You didn't know any spells.
Your spell library contained the following spells:

 Spells                   Type           Power      Damage    Failure   Level
 Sandblast                Erth           0%         2d4       100%        1
 Sting                    Tmut/Pois      0%         1d3       100%        1
 Passwall                 Tmut/Erth      0%         N/A       100%        2
 Poisonous Vapours        Pois/Air       0%         N/A       100%        2
 Conjure Flame            Conj/Fire      0%         6-21      100%        3
 Ignite Poison            Fire/Tmut/Pois 0%         N/A       100%        3
 Stone Arrow              Conj/Erth      0%         3d7       100%        3
 Fulminant Prism          Conj/Hex       0%         3d6       100%        4
 Hailstorm                Conj/Ice       0%         3d3       100%        4
 Ice Form                 Ice/Tmut       0%         N/A       100%        4
 Iskenderun's Mystic Bla  Conj/Tloc      0%         2d3       100%        4
 Olgreb's Toxic Radiance  Pois           0%         N/A       100%        4
 Sticky Flame             Conj/Fire      0%         2d3       100%        4
 Lee's Rapid Deconstruct  Erth           0%         3d5*      100%        5
 Simulacrum               Ice/Necr       0%         N/A       100%        6


Dungeon Overview and Level Annotations

Branches:
Dungeon (5/15)
 Temple: D:4-7

Altars:
Ashenzari
Elyvilon
Gozag
Sif Muna

Annotations:
D:4 4 runed translucent doors


Innate Abilities, Weirdness & Mutations

You have a pair of horns on your head.
You reflexively headbutt those who attack you in melee.
You expend magic power (3 MP) to strengthen your wands.


Message History

Unknown command.
You slash the ogre!
The ogre is heavily wounded.
The ogre hits you with a +0 giant club!!
* * * LOW HITPOINT WARNING * * *
Unknown command.
You hit the ogre.
The ogre is severely wounded.
The ogre hits you with a +0 giant club!!
* * * LOW HITPOINT WARNING * * *
Unknown command.
It was a potion of mutation.
You feel extremely strange.
You feel your magical essence link to the dungeon's wands.
It was a potion of lignification.
You turn into a tree.
Your +0 cloak melds into your body.
Your +0 hat melds into your body.
Your +0 plate armour melds into your body.
Your roots penetrate the ground.
The centaur hits you.
* * * LOW HITPOINT WARNING * * *
The centaur kicks you but does no damage.
The ogre hits you but does no damage.
The centaur hits you but does no damage.
The centaur kicks you but does no damage.
You feel better.
The centaur hits you but does no damage.
The centaur completely misses you. The ogre hits you but does no damage.
It was a potion of flight.
Your roots keep you in place.
The centaur hits you.
* * * LOW HITPOINT WARNING * * *
The centaur kicks you but does no damage.
The ogre barely misses you.
The centaur hits you but does no damage.
The centaur kicks you but does no damage.
It was a potion of cancellation.
Your magical effects are unravelling.
You feel magically purged.
You feel less wooden.
Your +0 cloak unmelds from your body.
Your +0 hat unmelds from your body.
Your +0 plate armour unmelds from your body.
The centaur hits you.
You die...
Your body crumbles into a pile of gold.

########..#
###.#####....>.#
#.........#
#........##.....
#.#######.#
#.#.#####>#...#.
#.# #.#.#
##.#.##.
######.###.#.#
#.....<
#..[..[.##.#.#
#.###..
#.####..##.#.#
#.# #..
#.....[....#.###
#.###..
.....(..@c......
#......
....#.#.#O......
.......
##.<#.#.#...8.8.
###.##. #.
#.#......... #.
#. #
...##.8.....
#.... . )
....... ## ..
.8..... ..
....... $


You could see an ogre and a centaur.

Vanquished Creatures
  An ice beast (D:5)
  An ogre (D:4)
  A scorpion (D:4)
  2 water moccasin skeletons (D:4)
  A howler monkey (D:4)
  2 hounds
  A bullfrog skeleton (D:4)
  A centaur skeleton (D:5)
  An orc priest (D:3)
  A jelly (D:4)
  An orc wizard (D:5)
  9 adders
  3 gnolls
  An adder zombie (D:4)
  6 orcs
  7 endoplasms
  5 giant cockroaches
  12 goblins
  12 hobgoblins
  7 jackals
  8 ball pythons
  7 bats
  3 frilled lizards
  7 kobolds
  3 rats (D:2)
103 creatures vanquished.

Notes
Turn   | Place    | Note
-------+----------+-------------------------------------------
     0 | D:1      | pkoi the Minotaur Gladiator began the quest for the Orb.
     0 | D:1      | Reached XP level 1. HP: 18/18 MP: 0/0
   201 | D:1      | Reached skill level 4 in Axes
   290 | D:1      | Reached XP level 2. HP: 25/25 MP: 1/1
   306 | D:1      | Found a faded altar of an unknown god.
   781 | D:2      | Reached skill level 5 in Axes
   880 | D:2      | Reached XP level 3. HP: 30/30 MP: 2/2
  1571 | D:2      | Reached skill level 6 in Axes
  1571 | D:2      | Reached XP level 4. HP: 33/37 MP: 3/3
  2452 | D:3      | Reached skill level 1 in Armour
  2523 | D:3      | Reached XP level 5. HP: 17/44 MP: 1/4
  2833 | D:3      | Found an opulent altar of Gozag.
  2995 | D:3      | Became a worshipper of Gozag Ym Sagoz the Greedy
  3298 | D:4      | Found a large runed translucent door.
  3298 | D:4      | Found a large runed translucent door.
  3381 | D:4      | Reached skill level 7 in Axes
  3381 | D:4      | Reached XP level 6. HP: 32/51 MP: 2/5
  3536 | D:4      | Found a shimmering blue altar of Sif Muna.
  3638 | D:4      | Found a white marble altar of Elyvilon.
  3682 | D:4      | Found a large runed translucent door.
  3947 | D:4      | Found a large runed translucent door.
  4073 | D:4      | Reached XP level 7. HP: 48/59 MP: 4/6
  4491 | D:4      | Found a broken altar of Ashenzari.
  4772 | D:5      | Entered Level 5 of the Dungeon
  4790 | D:5      | Reached skill level 8 in Axes
  5158 | D:5      | HP: 1/60 [ogre/+0 giant club (19)]
  5159 | D:5      | Gained mutation: You expend magic power (3 MP) to
                  | strengthen your wands. [potion of mutation]
  5163 | D:5      | Slain by a centaur

Illustrated notes

Levels and vault maps discovered:
D:1:      lemuel_arrival_hallway, layout_loops_ring,
          hellmonk_ecumenical_altar_dog_temple, hangedman_decor_slide_cut
D:2:      layout_rooms
D:3:      layout_basic, lemuel_round_altar
D:4:      layout_basic, mainiacjoe_overflow_concentric_impassable,
          nicolae_overflow_hidden_temple, minivault_14,
          minmay_hollow_rounded_squares
D:5:      layout_loops_ring, nicolae_uskayaw_dance_hall

Skill      XL: |  1  2  3  4  5  6  7 |
---------------+----------------------+-----
Axes           | 4 5 6 7 8 |  8.2
Armour         | 1 2 3 |  3.6
Fighting       | 3 4 |  4.6
Dodging        | 4 |  4.9
Throwing       | |  2.0

Action                   |  1- 3 |  4- 6 |  7- 9 || total
-------------------------+-------+-------+-------++-------
Melee: War axe           |    59 |   117 |    46 ||   222
       Headbutt          |    10 |    11 |     4 ||    25
       Punch             |       |       |     1 ||     1
  Use: Scroll            |     2 |     2 |       ||     4
       Potion            |     1 |       |     5 ||     6
 Stab: Sleeping          |     1 |       |       ||     1
Armor: Leather armour    |    13 |    32 |     3 ||    48
       Plate armour      |       |       |    24 ||    24
       Skin              |       |       |     9 ||     9
Dodge: Dodged            |    32 |    63 |    19 ||   114
